[ PARTIDA AOE2 · #507872378 ]
UnrankedHunos vs Ethiopians
[ ANÁLISIS DE REPETICIÓN · EXTRAÍDO DE LA PARTIDA GRABADA ]
Feudal
9:16
Castillos
22:01
Imperial
46:53
| APM promedio | 53.2 |
| APM pico | 94 |
| eAPM promedio | 21.1 |
| Aldeanos / militares | 126 / 213 |
Foco
⚔️ 48.1% · 🌾 51.9%
Cavalry Archer ×199 · Monk ×5 · Scout Cavalry ×5 · Spearman ×4
Feudal
8:36
Castillos
24:59
Imperial
41:32
| APM promedio | 79.4 |
| APM pico | 123 |
| eAPM promedio | 29.7 |
| Aldeanos / militares | 133 / 257 |
Foco
⚔️ 47.4% · 🌾 52.6%
Archer ×243 · Bombard Cannon ×8 · Shotel Warrior ×3 · Mangonel ×1 · Scorpion ×1 · Spearman ×1
Feudal
9:54
Castillos
26:41
Imperial
—
| APM promedio | 33.8 |
| APM pico | 66 |
| eAPM promedio | 11.8 |
| Aldeanos / militares | 90 / 66 |
Foco
⚔️ 20.8% · 🌾 79.2%
Skirmisher ×53 · Mameluke ×11 · Mangonel ×1 · Spearman ×1
Feudal
8:50
Castillos
23:41
Imperial
46:55
| APM promedio | 66.9 |
| APM pico | 110 |
| eAPM promedio | 31.0 |
| Aldeanos / militares | 179 / 200 |
Foco
⚔️ 31.6% · 🌾 68.4%
Knight ×166 · Scout Cavalry ×21 · Spearman ×9 · Camel Scout ×2 · Trebuchet (Packed) ×2
Mapa de la partida
Recursos iniciales + cada clic de construcción. Líneas = muros · curvas = relieve. ◆ oro · ⬟ piedra · ● bayas · ✦ reliquia · ◌ hueco del cierre
Tu base· ✓ Cerrada en 22:01 · 59t muro · 3 puerta(s)
Base de AiM | Foreign Dish· ✓ Cerrada en 24:59 · 59t muro · sin puerta
Base de Mr. Fay· ✓ Cerrada en 26:41 · 88t muro · 1 puerta(s)
Base de Eldiano· Abierta — hueco de 1t
Terreno inicial suavizado · ◌ = hueco del cierre detectado · pasá el cursor para detalles
Inputs por minuto
— Mr. C - - AiM | Foreign Dish
Build order — Mr. C
Primeras 150 de 464 acciones detectadas
| 0:01 | Encolar | Villager (Male) |
| 0:01 | Encolar | Villager (Male) |
| 0:07 | Encolar | Villager (Male) |
| 0:07 | Encolar | Villager (Male) |
| 1:16 | Encolar | Villager (Male) |
| 1:52 | Encolar | Villager (Male) |
| 2:05 | Encolar | Villager (Male) |
| 2:15 | Construir | Lumber Camp |
| 2:41 | Encolar | Villager (Male) |
| 2:50 | Encolar | Villager (Male) |
| 3:34 | Encolar | Villager (Male) |
| 3:49 | Encolar | Villager (Male) |
| 4:05 | Encolar | Villager (Male) |
| 4:29 | Construir | Mill |
| 4:58 | Encolar | Villager (Male) |
| 4:58 | Encolar | Villager (Male) |
| 5:25 | Encolar | Villager (Male) |
| 5:25 | Encolar | Villager (Male) |
| 5:25 | Encolar | Villager (Male) |
| 6:26 | Investigar | Loom |
| 7:06 | Investigar | Feudal Age |
| 8:05 | Encolar | Villager (Male) |
| 8:14 | Encolar | Villager (Male) |
| 8:41 | Construir | Barracks |
| 9:16 | Edad | Edad Feudal |
| 9:21 | Investigar | Double-Bit Axe |
| 9:25 | Construir | Stable |
| 9:44 | Construir | Palisade Gate |
| 10:07 | Encolar | Villager (Male) |
| 10:13 | Encolar | Scout Cavalry |
| 10:13 | Encolar | Scout Cavalry |
| 10:16 | Encolar | Spearman |
| 10:24 | Encolar | Villager (Male) |
| 10:30 | Encolar | Scout Cavalry |
| 10:37 | Investigar | Horse Collar |
| 10:48 | Encolar | Spearman |
| 10:53 | Encolar | Scout Cavalry |
| 11:24 | Encolar | Scout Cavalry |
| 11:27 | Construir | Farm |
| 11:27 | Construir | Farm |
| 11:27 | Construir | Farm |
| 11:43 | Encolar | Villager (Male) |
| 11:54 | Encolar | Villager (Male) |
| 12:22 | Construir | Blacksmith |
| 12:39 | Encolar | Villager (Male) |
| 12:39 | Encolar | Villager (Male) |
| 12:58 | Construir | Farm |
| 13:00 | Construir | Farm |
| 13:03 | Construir | Farm |
| 13:04 | Construir | Farm |
| 13:04 | Construir | Farm |
| 13:15 | Encolar | Villager (Male) |
| 13:40 | Encolar | Villager (Male) |
| 14:05 | Encolar | Villager (Male) |
| 14:05 | Encolar | Villager (Male) |
| 14:31 | Encolar | Villager (Male) |
| 14:31 | Encolar | Villager (Male) |
| 14:49 | Encolar | Villager (Male) |
| 14:49 | Encolar | Villager (Male) |
| 14:56 | Construir | Farm |
| 14:56 | Construir | Farm |
| 14:57 | Construir | Farm |
| 15:22 | Encolar | Villager (Male) |
| 15:31 | Encolar | Villager (Male) |
| 15:33 | Construir | Farm |
| 15:35 | Construir | Farm |
| 15:46 | Construir | Farm |
| 15:52 | Construir | Lumber Camp |
| 15:54 | Encolar | Spearman |
| 16:12 | Construir | Farm |
| 16:29 | Encolar | Villager (Male) |
| 16:35 | Construir | Market |
| 16:41 | Construir | Mining Camp |
| 16:45 | Construir | Palisade Wall |
| 16:50 | Construir | Palisade Wall |
| 17:00 | Construir | Farm |
| 17:12 | Construir | Palisade Wall |
| 17:25 | Construir | Farm |
| 17:40 | Encolar | Villager (Male) |
| 17:40 | Encolar | Villager (Male) |
| 17:47 | Encolar | Villager (Male) |
| 17:59 | Encolar | Spearman |
| 18:00 | Construir | Palisade Wall |
| 18:01 | Construir | Palisade Wall |
| 18:03 | Construir | Palisade Wall |
| 18:04 | Construir | Palisade Wall |
| 18:06 | Construir | Palisade Gate |
| 18:08 | Construir | Palisade Wall |
| 18:10 | Construir | Palisade Wall |
| 18:18 | Construir | Palisade Wall |
| 18:20 | Construir | Palisade Wall |
| 18:51 | Construir | Farm |
| 18:58 | Construir | Palisade Wall |
| 19:21 | Investigar | Castle Age |
| 19:39 | Construir | Palisade Wall |
| 19:49 | Investigar | Fletching |
| 20:01 | Construir | Archery Range |
| 20:04 | Construir | Archery Range |
| 20:37 | Investigar | Padded Archer Armor |
| 20:38 | Investigar | Bloodlines |
| 20:44 | Construir | Farm |
| 20:54 | Encolar | Villager (Male) |
| 21:04 | Construir | Farm |
| 21:18 | Investigar | Gold Mining |
| 21:47 | Construir | Palisade Gate |
| 21:57 | Construir | Palisade Gate |
| 22:01 | Edad | Edad de los Castillos |
| 22:02 | Encolar | Cavalry Archer |
| 22:02 | Encolar | Cavalry Archer |
| 22:04 | Investigar | Bodkin Arrow |
| 22:10 | Construir | University |
| 22:20 | Encolar | Villager (Male) |
| 22:32 | Construir | Lumber Camp |
| 22:37 | Encolar | Cavalry Archer |
| 22:48 | Encolar | Cavalry Archer |
| 22:48 | Encolar | Cavalry Archer |
| 22:59 | Investigar | Ballistics |
| 23:16 | Encolar | Villager (Male) |
| 23:17 | Encolar | Villager (Male) |
| 23:27 | Encolar | Cavalry Archer |
| 23:40 | Encolar | Cavalry Archer |
| 23:41 | Encolar | Cavalry Archer |
| 23:47 | Encolar | Villager (Male) |
| 23:47 | Encolar | Villager (Male) |
| 24:02 | Construir | Monastery |
| 24:05 | Encolar | Cavalry Archer |
| 24:27 | Encolar | Cavalry Archer |
| 24:27 | Encolar | Cavalry Archer |
| 24:45 | Encolar | Villager (Male) |
| 24:45 | Encolar | Villager (Male) |
| 24:47 | Encolar | Cavalry Archer |
| 25:00 | Encolar | Cavalry Archer |
| 25:00 | Encolar | Cavalry Archer |
| 25:10 | Encolar | Cavalry Archer |
| 25:15 | Construir | Mining Camp |
| 25:16 | Encolar | Villager (Male) |
| 25:16 | Encolar | Villager (Male) |
| 25:36 | Encolar | Cavalry Archer |
| 25:36 | Encolar | Cavalry Archer |
| 25:44 | Investigar | Leather Archer Armor |
| 26:06 | Encolar | Cavalry Archer |
| 26:06 | Encolar | Cavalry Archer |
| 26:19 | Encolar | Cavalry Archer |
| 26:20 | Encolar | Cavalry Archer |
| 26:27 | Encolar | Cavalry Archer |
| 26:27 | Encolar | Cavalry Archer |
| 26:34 | Encolar | Monk |
| 26:34 | Encolar | Monk |
| 26:57 | Encolar | Cavalry Archer |
| 26:58 | Encolar | Cavalry Archer |
Build order — AiM | Foreign Dish
Primeras 150 de 569 acciones detectadas
| 0:00 | Encolar | Villager (Male) |
| 0:01 | Encolar | Villager (Male) |
| 0:01 | Encolar | Villager (Male) |
| 0:02 | Construir | House |
| 0:03 | Construir | House |
| 0:09 | Encolar | Villager (Male) |
| 0:09 | Encolar | Villager (Male) |
| 1:24 | Encolar | Villager (Male) |
| 1:24 | Encolar | Villager (Male) |
| 2:02 | Encolar | Villager (Male) |
| 2:02 | Encolar | Villager (Male) |
| 2:09 | Construir | Lumber Camp |
| 2:11 | Construir | House |
| 2:23 | Encolar | Villager (Male) |
| 2:43 | Encolar | Villager (Male) |
| 2:44 | Encolar | Villager (Male) |
| 3:10 | Encolar | Villager (Male) |
| 3:10 | Encolar | Villager (Male) |
| 3:14 | Encolar | Villager (Male) |
| 3:29 | Encolar | Villager (Male) |
| 3:55 | Construir | House |
| 4:10 | Construir | House |
| 4:25 | Encolar | Villager (Male) |
| 4:28 | Encolar | Villager (Male) |
| 4:55 | Encolar | Villager (Male) |
| 4:56 | Encolar | Villager (Male) |
| 5:31 | Construir | Mining Camp |
| 6:01 | Investigar | Loom |
| 6:24 | Investigar | Feudal Age |
| 6:25 | Investigar | Feudal Age |
| 7:08 | Construir | Barracks |
| 7:35 | Construir | Palisade Wall |
| 7:38 | Encolar | Villager (Male) |
| 8:36 | Edad | Edad Feudal |
| 8:42 | Construir | Archery Range |
| 8:44 | Construir | Archery Range |
| 8:50 | Encolar | Villager (Male) |
| 8:51 | Encolar | Villager (Male) |
| 9:14 | Construir | Blacksmith |
| 9:20 | Encolar | Villager (Male) |
| 9:40 | Construir | House |
| 9:43 | Encolar | Archer |
| 9:43 | Encolar | Archer |
| 10:07 | Encolar | Archer |
| 10:07 | Encolar | Archer |
| 10:10 | Encolar | Villager (Male) |
| 10:15 | Construir | House |
| 10:22 | Investigar | Fletching |
| 10:22 | Investigar | Fletching |
| 10:46 | Encolar | Archer |
| 10:46 | Encolar | Archer |
| 10:47 | Encolar | Villager (Male) |
| 10:48 | Encolar | Villager (Male) |
| 10:49 | Encolar | Villager (Male) |
| 10:52 | Encolar | Archer |
| 10:53 | Encolar | Archer |
| 10:57 | Construir | Palisade Wall |
| 10:58 | Construir | Palisade Wall |
| 10:58 | Encolar | Archer |
| 10:59 | Encolar | Archer |
| 11:13 | Construir | Palisade Wall |
| 11:29 | Construir | Palisade Wall |
| 11:35 | Encolar | Archer |
| 11:35 | Encolar | Archer |
| 11:42 | Encolar | Villager (Male) |
| 11:47 | Construir | House |
| 11:48 | Construir | Palisade Wall |
| 11:49 | Encolar | Archer |
| 11:49 | Encolar | Archer |
| 11:59 | Construir | House |
| 12:02 | Construir | Palisade Wall |
| 12:14 | Investigar | Double-Bit Axe |
| 12:14 | Investigar | Double-Bit Axe |
| 12:15 | Encolar | Villager (Male) |
| 12:25 | Construir | Palisade Wall |
| 12:29 | Construir | Mill |
| 12:32 | Construir | Palisade Wall |
| 12:40 | Construir | Palisade Wall |
| 12:45 | Construir | Palisade Wall |
| 12:50 | Encolar | Archer |
| 12:50 | Encolar | Archer |
| 12:58 | Encolar | Villager (Male) |
| 12:58 | Encolar | Villager (Male) |
| 12:58 | Encolar | Villager (Male) |
| 13:07 | Construir | Palisade Wall |
| 13:09 | Construir | House |
| 13:15 | Construir | Palisade Wall |
| 13:20 | Encolar | Archer |
| 13:20 | Encolar | Villager (Male) |
| 13:25 | Construir | Palisade Wall |
| 13:36 | Encolar | Archer |
| 13:42 | Construir | Palisade Wall |
| 13:51 | Encolar | Archer |
| 13:51 | Encolar | Archer |
| 13:55 | Encolar | Villager (Male) |
| 13:55 | Encolar | Villager (Male) |
| 14:12 | Encolar | Archer |
| 14:12 | Encolar | Archer |
| 14:28 | Encolar | Archer |
| 14:28 | Encolar | Archer |
| 14:41 | Encolar | Archer |
| 14:41 | Encolar | Archer |
| 14:47 | Encolar | Villager (Male) |
| 14:47 | Encolar | Villager (Male) |
| 14:58 | Encolar | Archer |
| 14:58 | Encolar | Archer |
| 15:12 | Construir | Farm |
| 15:17 | Encolar | Villager (Male) |
| 15:35 | Encolar | Archer |
| 15:37 | Encolar | Archer |
| 15:45 | Construir | House |
| 15:46 | Construir | House |
| 15:49 | Encolar | Archer |
| 15:49 | Encolar | Archer |
| 16:13 | Encolar | Archer |
| 16:13 | Encolar | Archer |
| 16:14 | Encolar | Villager (Male) |
| 16:14 | Encolar | Villager (Male) |
| 16:15 | Encolar | Villager (Male) |
| 16:15 | Encolar | Villager (Male) |
| 16:45 | Encolar | Villager (Male) |
| 16:46 | Construir | Farm |
| 16:47 | Construir | Farm |
| 16:48 | Construir | Farm |
| 16:49 | Construir | Farm |
| 16:49 | Construir | Farm |
| 16:55 | Construir | House |
| 16:56 | Construir | House |
| 17:03 | Encolar | Archer |
| 17:04 | Encolar | Archer |
| 17:15 | Encolar | Archer |
| 17:16 | Encolar | Villager (Male) |
| 17:21 | Encolar | Villager (Male) |
| 17:27 | Construir | Farm |
| 17:39 | Encolar | Villager (Male) |
| 17:53 | Encolar | Spearman |
| 18:21 | Encolar | Villager (Male) |
| 18:35 | Encolar | Villager (Male) |
| 18:36 | Encolar | Villager (Male) |
| 18:39 | Encolar | Villager (Male) |
| 19:01 | Construir | Farm |
| 19:02 | Construir | Farm |
| 19:02 | Construir | Farm |
| 19:19 | Encolar | Archer |
| 19:20 | Encolar | Archer |
| 19:20 | Encolar | Archer |
| 19:33 | Encolar | Villager (Male) |
| 19:42 | Investigar | Wheelbarrow |
| 19:44 | Construir | Farm |
| 19:44 | Construir | Farm |
Build order — Mr. Fay
Primeras 150 de 223 acciones detectadas
| 0:01 | Encolar | Villager (Male) |
| 0:02 | Encolar | Villager (Male) |
| 0:02 | Encolar | Villager (Male) |
| 0:02 | Encolar | Villager (Male) |
| 0:03 | Construir | House |
| 0:05 | Construir | House |
| 1:27 | Encolar | Villager (Male) |
| 1:47 | Construir | Lumber Camp |
| 2:06 | Encolar | Villager (Male) |
| 2:17 | Encolar | Villager (Male) |
| 2:48 | Encolar | Villager (Male) |
| 3:06 | Encolar | Villager (Male) |
| 3:13 | Construir | House |
| 3:44 | Encolar | Villager (Male) |
| 4:05 | Encolar | Villager (Male) |
| 4:37 | Encolar | Villager (Male) |
| 4:37 | Encolar | Villager (Male) |
| 4:42 | Construir | Mill |
| 4:57 | Encolar | Villager (Male) |
| 5:18 | Encolar | Villager (Male) |
| 6:15 | Encolar | Villager (Male) |
| 6:35 | Encolar | Villager (Male) |
| 6:44 | Construir | House |
| 6:45 | Investigar | Loom |
| 7:12 | Encolar | Villager (Male) |
| 7:44 | Investigar | Feudal Age |
| 7:54 | Construir | Mill |
| 8:15 | Construir | Palisade Wall |
| 8:24 | Construir | Palisade Wall |
| 8:38 | Construir | Palisade Wall |
| 8:45 | Construir | Palisade Wall |
| 8:58 | Construir | Palisade Wall |
| 9:09 | Encolar | Villager (Male) |
| 9:09 | Encolar | Villager (Male) |
| 9:09 | Encolar | Villager (Male) |
| 9:38 | Construir | Mining Camp |
| 9:54 | Edad | Edad Feudal |
| 9:56 | Encolar | Villager (Male) |
| 10:00 | Investigar | Double-Bit Axe |
| 10:11 | Construir | House |
| 10:31 | Construir | House |
| 10:57 | Construir | Palisade Wall |
| 11:00 | Encolar | Villager (Male) |
| 11:39 | Construir | Market |
| 11:45 | Encolar | Villager (Male) |
| 12:10 | Encolar | Villager (Male) |
| 12:27 | Construir | Blacksmith |
| 12:30 | Encolar | Villager (Male) |
| 12:40 | Construir | House |
| 12:46 | Encolar | Villager (Male) |
| 13:19 | Construir | Barracks |
| 13:25 | Construir | House |
| 13:29 | Encolar | Villager (Male) |
| 13:36 | Construir | House |
| 13:51 | Encolar | Villager (Male) |
| 13:55 | Construir | Farm |
| 13:56 | Construir | Farm |
| 14:03 | Construir | Farm |
| 14:04 | Encolar | Villager (Male) |
| 14:14 | Construir | House |
| 14:15 | Construir | House |
| 14:19 | Construir | Farm |
| 14:21 | Encolar | Villager (Male) |
| 14:35 | Construir | Watch Tower |
| 14:54 | Encolar | Villager (Male) |
| 15:13 | Construir | House |
| 15:25 | Construir | Watch Tower |
| 15:34 | Construir | Archery Range |
| 15:48 | Encolar | Villager (Male) |
| 15:48 | Encolar | Villager (Male) |
| 16:35 | Construir | Lumber Camp |
| 17:00 | Encolar | Skirmisher |
| 17:01 | Encolar | Skirmisher |
| 17:01 | Encolar | Skirmisher |
| 17:08 | Encolar | Villager (Male) |
| 17:25 | Encolar | Villager (Male) |
| 17:26 | Encolar | Villager (Male) |
| 17:34 | Investigar | Padded Archer Armor |
| 17:34 | Investigar | Fletching |
| 18:05 | Encolar | Villager (Male) |
| 18:05 | Encolar | Villager (Male) |
| 18:28 | Construir | Lumber Camp |
| 18:33 | Construir | House |
| 18:36 | Construir | House |
| 18:37 | Construir | House |
| 18:58 | Encolar | Skirmisher |
| 18:58 | Encolar | Skirmisher |
| 19:05 | Construir | Archery Range |
| 19:18 | Encolar | Skirmisher |
| 19:19 | Encolar | Skirmisher |
| 19:33 | Encolar | Skirmisher |
| 19:33 | Encolar | Skirmisher |
| 19:43 | Construir | Farm |
| 19:44 | Construir | Farm |
| 20:20 | Construir | House |
| 20:21 | Construir | House |
| 20:25 | Construir | House |
| 20:27 | Construir | House |
| 20:51 | Construir | Archery Range |
| 21:00 | Encolar | Skirmisher |
| 21:01 | Encolar | Skirmisher |
| 22:55 | Encolar | Skirmisher |
| 22:55 | Encolar | Skirmisher |
| 22:56 | Encolar | Skirmisher |
| 22:56 | Encolar | Skirmisher |
| 22:56 | Encolar | Skirmisher |
| 23:00 | Encolar | Spearman |
| 23:44 | Construir | House |
| 23:45 | Construir | House |
| 24:01 | Investigar | Castle Age |
| 24:09 | Encolar | Skirmisher |
| 24:35 | Construir | Palisade Gate |
| 25:46 | Construir | Farm |
| 26:07 | Encolar | Skirmisher ×5 |
| 26:29 | Investigar | Gold Mining |
| 26:41 | Edad | Edad de los Castillos |
| 27:14 | Construir | Castle |
| 28:41 | Investigar | Elite Skirmisher (upgrade) |
| 28:47 | Investigar | Leather Archer Armor |
| 28:53 | Encolar | Villager (Male) |
| 29:37 | Encolar | Mameluke |
| 30:11 | Encolar | Mameluke |
| 30:15 | Encolar | Villager (Male) |
| 30:24 | Construir | Mining Camp |
| 30:47 | Construir | Farm |
| 30:48 | Encolar | Villager (Male) |
| 31:54 | Encolar | Villager (Male) |
| 31:54 | Encolar | Villager (Male) |
| 31:55 | Encolar | Villager (Male) |
| 31:58 | Encolar | Mameluke |
| 32:23 | Encolar | Villager (Male) |
| 32:46 | Encolar | Villager (Male) |
| 32:53 | Construir | Town Center |
| 33:08 | Encolar | Mameluke |
| 33:30 | Encolar | Villager (Male) |
| 33:31 | Investigar | Wheelbarrow |
| 34:22 | Encolar | Mameluke |
| 34:22 | Encolar | Mameluke |
| 34:34 | Encolar | Villager (Male) |
| 34:35 | Encolar | Villager (Male) |
| 34:45 | Encolar | Villager (Male) |
| 34:51 | Construir | Farm |
| 34:51 | Construir | Farm |
| 34:51 | Construir | Farm |
| 34:52 | Construir | Farm |
| 34:52 | Construir | Farm |
| 34:52 | Construir | Farm |
| 34:53 | Construir | Farm |
| 35:22 | Encolar | Villager (Male) |
| 35:23 | Encolar | Villager (Male) |
Build order — Eldiano
Primeras 150 de 619 acciones detectadas
| 0:00 | Encolar | Villager (Male) |
| 0:01 | Encolar | Villager (Male) |
| 0:02 | Construir | House |
| 0:03 | Construir | House |
| 0:10 | Encolar | Villager (Male) |
| 0:10 | Encolar | Villager (Male) |
| 1:07 | Encolar | Villager (Male) |
| 1:25 | Encolar | Villager (Male) |
| 1:41 | Construir | Lumber Camp |
| 2:10 | Encolar | Villager (Male) |
| 2:20 | Encolar | Villager (Male) |
| 3:07 | Encolar | Villager (Male) |
| 3:15 | Construir | House |
| 3:21 | Encolar | Villager (Male) |
| 3:58 | Encolar | Villager (Male) |
| 4:16 | Encolar | Villager (Male) |
| 4:43 | Construir | Mill |
| 4:47 | Encolar | Villager (Male) |
| 4:56 | Construir | House |
| 5:03 | Encolar | Villager (Male) |
| 5:18 | Encolar | Villager (Male) |
| 5:33 | Encolar | Villager (Male) |
| 6:01 | Encolar | Villager (Male) |
| 6:22 | Investigar | Loom |
| 6:42 | Investigar | Feudal Age |
| 7:12 | Construir | Barracks |
| 7:21 | Construir | House |
| 7:26 | Encolar | Villager (Male) |
| 7:57 | Construir | Palisade Wall |
| 8:50 | Edad | Edad Feudal |
| 8:53 | Construir | Stable |
| 8:58 | Encolar | Spearman |
| 9:02 | Construir | House |
| 9:04 | Encolar | Villager (Male) |
| 9:05 | Investigar | Double-Bit Axe |
| 9:12 | Construir | Palisade Wall |
| 9:17 | Encolar | Villager (Male) |
| 9:57 | Encolar | Villager (Male) |
| 9:59 | Investigar | Horse Collar |
| 10:02 | Encolar | Scout Cavalry |
| 10:02 | Encolar | Scout Cavalry |
| 10:17 | Encolar | Villager (Male) |
| 10:21 | Construir | House |
| 10:25 | Construir | Palisade Gate |
| 10:27 | Encolar | Scout Cavalry |
| 10:31 | Construir | Farm |
| 10:34 | Construir | Farm |
| 10:47 | Construir | Palisade Wall |
| 10:52 | Construir | Farm |
| 10:52 | Encolar | Villager (Male) |
| 11:06 | Encolar | Villager (Male) |
| 11:20 | Encolar | Villager (Male) |
| 11:22 | Construir | Farm |
| 11:24 | Construir | Farm |
| 11:30 | Construir | House |
| 11:31 | Encolar | Villager (Male) |
| 11:46 | Encolar | Scout Cavalry |
| 12:12 | Construir | House |
| 12:25 | Construir | House |
| 12:27 | Construir | Palisade Wall |
| 12:29 | Construir | House |
| 12:30 | Construir | Palisade Wall |
| 12:31 | Construir | House |
| 12:42 | Encolar | Villager (Male) |
| 12:47 | Encolar | Villager (Male) |
| 12:52 | Construir | Farm |
| 13:11 | Encolar | Villager (Male) |
| 13:13 | Construir | Farm |
| 13:32 | Construir | Farm |
| 13:40 | Construir | Farm |
| 13:41 | Encolar | Villager (Male) |
| 13:47 | Construir | Farm |
| 13:49 | Construir | Farm |
| 14:00 | Encolar | Spearman |
| 14:00 | Encolar | Spearman |
| 14:16 | Encolar | Villager (Male) |
| 14:19 | Construir | Farm |
| 14:22 | Construir | Farm |
| 14:25 | Encolar | Spearman |
| 14:44 | Encolar | Villager (Male) |
| 14:44 | Encolar | Villager (Male) |
| 14:49 | Construir | Lumber Camp |
| 14:54 | Encolar | Villager (Male) |
| 15:04 | Construir | Farm |
| 15:11 | Construir | Farm |
| 15:16 | Encolar | Spearman |
| 15:31 | Encolar | Spearman |
| 15:38 | Construir | Farm |
| 15:43 | Encolar | Spearman |
| 15:46 | Encolar | Villager (Male) |
| 15:50 | Construir | House |
| 15:51 | Construir | House |
| 16:10 | Encolar | Scout Cavalry |
| 16:16 | Construir | Farm |
| 16:30 | Encolar | Villager (Male) |
| 16:34 | Encolar | Villager (Male) |
| 16:36 | Construir | Farm |
| 16:37 | Construir | Farm |
| 16:37 | Encolar | Villager (Male) |
| 16:41 | Construir | House |
| 16:43 | Construir | Palisade Wall |
| 16:56 | Construir | Mining Camp |
| 17:09 | Construir | House |
| 17:17 | Construir | Farm |
| 17:24 | Encolar | Scout Cavalry |
| 17:24 | Encolar | Scout Cavalry |
| 17:29 | Construir | House |
| 17:30 | Construir | House |
| 17:31 | Construir | House |
| 17:35 | Encolar | Villager (Male) |
| 17:39 | Investigar | Town Watch |
| 18:00 | Encolar | Villager (Male) |
| 18:14 | Encolar | Villager (Male) |
| 18:21 | Encolar | Villager (Male) |
| 18:24 | Encolar | Scout Cavalry |
| 18:46 | Encolar | Villager (Male) |
| 18:47 | Encolar | Villager (Male) |
| 18:53 | Construir | Farm |
| 19:06 | Construir | House |
| 19:07 | Encolar | Villager (Male) |
| 19:07 | Encolar | Villager (Male) |
| 19:13 | Construir | Blacksmith |
| 19:20 | Construir | Market |
| 19:32 | Encolar | Villager (Male) |
| 19:37 | Investigar | Bloodlines |
| 19:38 | Encolar | Villager (Male) |
| 19:40 | Construir | House |
| 19:41 | Construir | House |
| 19:51 | Construir | House |
| 20:30 | Encolar | Villager (Male) |
| 20:37 | Encolar | Villager (Male) |
| 21:16 | Investigar | Castle Age |
| 21:20 | Construir | Stable |
| 21:22 | Construir | Stable |
| 21:54 | Encolar | Villager (Male) |
| 21:54 | Encolar | Villager (Male) |
| 21:57 | Investigar | Scale Barding Armor |
| 22:19 | Construir | House |
| 22:20 | Construir | House |
| 22:27 | Construir | Stable |
| 22:41 | Encolar | Spearman |
| 22:42 | Encolar | Spearman |
| 22:53 | Construir | House |
| 22:56 | Construir | Lumber Camp |
| 23:27 | Investigar | Gold Mining |
| 23:41 | Encolar | Villager (Male) |
| 23:41 | Edad | Edad de los Castillos |
| 23:44 | Encolar | Knight |
| 23:44 | Encolar | Knight |
| 23:44 | Encolar | Knight |
Cronología de la partida
| 7:08 | AiM | Foreign Dish · first_building Barracks |
| 7:12 | Eldiano · first_building Barracks |
| 7:35 | AiM | Foreign Dish · wall_segment Palisade Wall x1 |
| 7:57 | Eldiano · wall_segment Palisade Wall x6 |
| 8:15 | Mr. Fay · wall_segment Palisade Wall x15 |
| 8:24 | Mr. Fay · wall_segment Palisade Wall x7 |
| 8:36 | AiM | Foreign Dish · age_up feudal |
| 8:38 | Mr. Fay · wall_segment Palisade Wall x19 |
| 8:41 | Mr. C · first_building Barracks |
| 8:42 | AiM | Foreign Dish · first_building Archery Range |
| 8:45 | Mr. Fay · wall_segment Palisade Wall x9 |
| 8:50 | Eldiano · age_up feudal |
| 8:53 | Eldiano · first_building Stable |
| 8:58 | Mr. Fay · wall_segment Palisade Wall x16 |
| 9:12 | Eldiano · wall_segment Palisade Wall x7 |
| 9:16 | Mr. C · age_up feudal |
| 9:25 | Mr. C · first_building Stable |
| 9:54 | Mr. Fay · age_up feudal |
| 10:47 | Eldiano · wall_segment Palisade Wall x5 |
| 10:57 | AiM | Foreign Dish · wall_segment Palisade Wall x5 |
| 10:57 | Mr. Fay · wall_segment Palisade Wall x22 |
| 10:58 | AiM | Foreign Dish · wall_segment Palisade Wall x3 |
| 11:13 | AiM | Foreign Dish · wall_segment Palisade Wall x4 |
| 11:29 | AiM | Foreign Dish · wall_segment Palisade Wall x6 |
| 11:48 | AiM | Foreign Dish · wall_segment Palisade Wall x4 |
| 12:02 | AiM | Foreign Dish · wall_segment Palisade Wall x3 |
| 12:25 | AiM | Foreign Dish · wall_segment Palisade Wall x2 |
| 12:27 | Eldiano · wall_segment Palisade Wall x1 |
| 12:30 | Eldiano · wall_segment Palisade Wall x1 |
| 12:32 | AiM | Foreign Dish · wall_segment Palisade Wall x3 |
| 12:40 | AiM | Foreign Dish · wall_segment Palisade Wall x3 |
| 12:45 | AiM | Foreign Dish · wall_segment Palisade Wall x3 |
| 13:07 | AiM | Foreign Dish · wall_segment Palisade Wall x1 |
| 13:15 | AiM | Foreign Dish · wall_segment Palisade Wall x3 |
| 13:19 | Mr. Fay · first_building Barracks |
| 13:25 | AiM | Foreign Dish · wall_segment Palisade Wall x4 |
| 13:42 | AiM | Foreign Dish · wall_segment Palisade Wall x4 |
| 15:22 | Mr. Fay · first_market_buy 100 stone |
| 15:34 | Mr. Fay · first_building Archery Range |
| 16:43 | Eldiano · wall_segment Palisade Wall x1 |
| 16:45 | Mr. C · wall_segment Palisade Wall x13 |
| 16:46 | Mr. Fay · first_market_sell 100 food |
| 16:50 | Mr. C · wall_segment Palisade Wall x7 |
| 17:12 | Mr. C · wall_segment Palisade Wall x10 |
| 18:00 | Mr. C · wall_segment Palisade Wall x1 |
| 18:01 | Mr. C · wall_segment Palisade Wall x1 |
| 18:03 | Mr. C · wall_segment Palisade Wall x1 |
| 18:04 | Mr. C · wall_segment Palisade Wall x1 |
| 18:08 | Mr. C · wall_segment Palisade Wall x1 |
| 18:10 | Mr. C · wall_segment Palisade Wall x1 |
| 18:18 | Mr. C · wall_segment Palisade Wall x1 |
| 18:20 | Mr. C · wall_segment Palisade Wall x1 |
| 18:58 | Mr. C · wall_segment Palisade Wall x11 |
| 19:16 | Mr. C · first_market_sell 100 wood |
| 19:39 | Mr. C · wall_segment Palisade Wall x10 |
| 20:01 | Mr. C · first_building Archery Range |
| 20:45 | Eldiano · first_market_sell 100 wood |
| 20:45 | Eldiano · first_market_buy 100 food |
| 22:01 | Mr. C · age_up castle |
| 22:17 | AiM | Foreign Dish · first_market_buy 100 food |
| 22:29 | AiM | Foreign Dish · wall_segment Palisade Wall x9 |
| 23:21 | AiM | Foreign Dish · wall_segment Palisade Wall x1 |
| 23:41 | Eldiano · age_up castle |
| 24:02 | Mr. C · first_building Monastery |
| 24:06 | Eldiano · wall_segment Palisade Wall x1 |
| 24:50 | AiM | Foreign Dish · wall_segment Palisade Wall x1 |
| 24:59 | AiM | Foreign Dish · age_up castle |
| 26:08 | AiM | Foreign Dish · first_building Siege Workshop |
| 26:41 | Mr. Fay · age_up castle |
| 27:09 | Mr. C · wall_segment Palisade Wall x4 |
| 27:14 | Mr. Fay · first_building Castle |
| 27:16 | Mr. C · wall_segment Palisade Wall x1 |
| 28:56 | AiM | Foreign Dish · first_market_sell 100 food |
| 29:08 | AiM | Foreign Dish · wall_segment Stone Wall x1 |
| 29:31 | AiM | Foreign Dish · wall_segment Stone Wall x4 |
| 29:41 | AiM | Foreign Dish · wall_segment Stone Wall x5 |
| 29:47 | Mr. C · wall_segment Palisade Wall x1 |
| 29:49 | Mr. C · wall_segment Palisade Wall x1 |
| 29:50 | Mr. C · wall_segment Palisade Wall x1 |
| 29:55 | Mr. C · wall_segment Palisade Wall x2 |
| 30:15 | Mr. C · wall_segment Palisade Wall x1 |
| 31:03 | Mr. Fay · tribute_sent a jugador 1 |
| 31:03 | Mr. Fay · tribute_sent a jugador 2 |
| 31:03 | Mr. Fay · tribute_sent a jugador 4 |
| 33:40 | Mr. C · first_market_buy 100 stone |
| 34:18 | Mr. C · first_building Castle |
| 36:06 | Eldiano · first_building Monastery |
| 37:03 | Mr. Fay · first_building Stable |
| 41:23 | Mr. Fay · first_building Siege Workshop |
| 41:32 | AiM | Foreign Dish · age_up imperial |
| 42:21 | Mr. C · wall_segment Palisade Wall x1 |
| 42:33 | Mr. C · wall_segment Palisade Wall x1 |
| 42:49 | Mr. C · wall_segment Palisade Wall x1 |
| 42:50 | Mr. C · wall_segment Palisade Wall x1 |
| 42:58 | Mr. C · wall_segment Palisade Wall x1 |
| 43:24 | Mr. C · wall_segment Palisade Wall x4 |
| 43:26 | Mr. C · wall_segment Palisade Wall x1 |
| 46:53 | Mr. C · age_up imperial |
| 46:55 | Eldiano · age_up imperial |
| 48:24 | AiM | Foreign Dish · first_building Castle |
| 48:52 | Mr. C · wall_segment Palisade Wall x1 |
| 49:58 | AiM | Foreign Dish · wall_segment Palisade Wall x1 |
| 50:00 | Eldiano · first_building Castle |
| 51:20 | Eldiano · first_building Siege Workshop |
| 53:13 | Mr. Fay · resign |
[ ANÁLISIS IA · 1 CRÉDITO ]
¿Qué pasó realmente en esta partida?
Wolo.gg analiza cada decisión: build order, eco, micro, errores típicos por bracket. Análisis personalizado por WhatsApp o Discord en 30 segundos.
Guía civ
Hunos
Perfil
Mr. C